BLB
LOS ANGELES DINOS @ PHILADELPHIA FREEDOM
05/09/2060
 
TOP OF THE 1ST
Los Angeles Dinos batting - Pitching for Philadelphia Freedom : LHP Seth Faber
Pitching: LHP Seth Faber
Batting: RHB Karson Gibson 0-0: Ball
1-0: Ball
2-0: Called Strike
2-1: Ball
3-1: Swinging Strike
3-2: Foul Ball, location: 2F
3-2: Fly out, F9 (Line Drive, 9, EV 95.6 MPH)
Batting: RHB Rob Detling 0-0: Called Strike
0-1: Ball
1-1: Ball
2-1: Foul Ball, location: 2F
2-2: Ground out 6-3 (Groundball, 6, EV 83.8 MPH)
Batting: LHB Tris Chikumbu 0-0: Called Strike
0-1: Called Strike
0-2: Ball
1-2: Strikes out looking
Top of the 1st over - 0 runs, 0 hits, 0 errors, 0 left on base; Los Angeles 0 - Philadelphia 0
BOTTOM OF THE 1ST
Philadelphia Freedom batting - Pitching for Los Angeles Dinos : RHP Phil Russell
Pitching: RHP Phil Russell
Batting: RHB Isaiah Thomas 0-0: Foul Ball, location: 2F
0-1: Ball
1-1: Called Strike
1-2: Ground out 3-1 (Groundball, 34S, EV 85.6 MPH)
Batting: LHB Rob Morris 0-0: Ball
1-0: Ball
2-0: Foul Ball, location: 2F
2-1: Foul Ball, location: 2F
2-2: Strikes out swinging
Batting: LHB Sage Emerson 0-0: Ball
1-0: Called Strike
1-1: Fly out, F6 (Flyball, 6D, EV 81.2 MPH)
Bottom of the 1st over - 0 runs, 0 hits, 0 errors, 0 left on base; Los Angeles 0 - Philadelphia 0
TOP OF THE 2ND
Los Angeles Dinos batting - Pitching for Philadelphia Freedom : LHP Seth Faber
Batting: RHB Andy Dillon 0-0: Ball
1-0: Ball
2-0: Ball
3-0: Base on Balls
Batting: RHB Orrin Perkins 0-0: Ball
1-0: Ball
2-0: SINGLE (Flyball, 8LS, EV 88.8 MPH)
Andy Dillon to second
Runner from 2nd tries for 3rd, SAFE, throw by CF made to third
Batting: RHB Derick Murphy 0-0: SINGLE (Groundball, P, EV 87.5 MPH) (infield hit)
Andy Dillon scores
Orrin Perkins to second
Batting: LHB Johnathan Baird 0-0: Called Strike
0-1: DOUBLE (Line Drive, 7LM, EV 96.9 MPH)
Orrin Perkins scores
Derick Murphy to third
Batting: LHB Shawn Hickey 0-0: Foul Ball, location: 2F
0-1: Ball
1-1: Ball
2-1: Ground out 4-3 (Groundball, 4, EV 104.4 MPH)
Derick Murphy scores
Johnathan Baird to third
Batting: RHB Cody Mancini 0-0: Called Strike
0-1: Called Strike
0-2: Foul Ball, location: 2F
0-2: Ball
1-2: Reached on error, E5 (Groundball, 5L, EV 82.5 MPH)
Johnathan Baird scores
Batting: RHB Karson Gibson 0-0: Called Strike
0-1: Ground out 6-3 (Groundball, 6MD, EV 90.0 MPH)
Cody Mancini to third
Batting: RHB Rob Detling 0-0: Ball
1-0: Called Strike
1-1: Ball
2-1: Ball
3-1: Base on Balls
Batting: LHB Tris Chikumbu 0-0: Ball
1-0: Ball
2-0: Foul Ball, location: 2F
2-1: Fly out, F7 (Flyball, 78D, EV 105.0 MPH)
Top of the 2nd over - 4 runs, 3 hits, 1 error, 2 left on base; Los Angeles 4 - Philadelphia 0
BOTTOM OF THE 2ND
Philadelphia Freedom batting - Pitching for Los Angeles Dinos : RHP Phil Russell
Batting: LHB Marlon Johnson 0-0: Ball
1-0: Called Strike
1-1: Swinging Strike
1-2: Strikes out swinging
Batting: RHB Wellington Wingate 0-0: Ball
1-0: Foul Ball, location: 2F
1-1: Ground out 1-3 (Groundball, 13S, EV 61.9 MPH)
Batting: RHB Joseph Flynn 0-0: Swinging Strike
0-1: Ball
1-1: Foul Ball, location: 2F
1-2: Foul Ball, location: 2F
1-2: Strikes out swinging
Bottom of the 2nd over - 0 runs, 0 hits, 0 errors, 0 left on base; Los Angeles 4 - Philadelphia 0
TOP OF THE 3RD
Los Angeles Dinos batting - Pitching for Philadelphia Freedom : LHP Seth Faber
Batting: RHB Andy Dillon 0-0: Ball
1-0: Foul Ball, location: 2F
1-1: Ball
2-1: Ball
3-1: Called Strike
3-2: Strikes out swinging
Batting: RHB Orrin Perkins 0-0: Called Strike
0-1: Foul Ball, location: 5F, Error on foul ball, E5
0-2: Ball
1-2: Ball
2-2: Fly out, F4 (Popup, 34, EV 65.0 MPH)
Batting: RHB Derick Murphy 0-0: Called Strike
0-1: Ball
1-1: Swinging Strike
1-2: Ball
2-2: Ground out U3 (Groundball, 13, EV 85.0 MPH)
Top of the 3rd over - 0 runs, 0 hits, 1 error, 0 left on base; Los Angeles 4 - Philadelphia 0
BOTTOM OF THE 3RD
Philadelphia Freedom batting - Pitching for Los Angeles Dinos : RHP Phil Russell
Batting: SHB Wes Johnson 0-0: Ball
1-0: Ball
2-0: Ball
3-0: Base on Balls
Batting: RHB Phillip Cox 0-0: Ball
1-0: Called Strike
1-1: Swinging Strike
1-2: Foul Ball, location: 2F
1-2: Fly out, F9 (Flyball, 9S, EV 71.2 MPH)
Batting: RHB Garret Connors 0-0: Foul Ball, location: 2F
0-1: Swinging Strike
0-2: Ball
1-2: Ball
2-2: Foul Ball, location: 2F
2-2: Ball
3-2: Foul Ball, location: 2F
3-2: Foul Ball, location: 2F
3-2: Strikes out swinging
Batting: RHB Isaiah Thomas 0-0: Ball
1-0: Ball
2-0: Ball
3-0: Base on Balls
Wes Johnson to second
Batting: LHB Rob Morris 0-0: Foul Ball, location: 2F
0-1: Ball
1-1: Ball
2-1: Fly out, F2 (Popup, 15S, EV 87.5 MPH)
Bottom of the 3rd over - 0 runs, 0 hits, 0 errors, 2 left on base; Los Angeles 4 - Philadelphia 0
TOP OF THE 4TH
Los Angeles Dinos batting - Pitching for Philadelphia Freedom : LHP Seth Faber
Batting: LHB Johnathan Baird 0-0: Called Strike
0-1: Foul Ball, location: 2F
0-2: Ball
1-2: Ball
2-2: Foul Ball, location: 2F
2-2: Foul Ball, location: 2F
2-2: Strikes out swinging
Batting: LHB Shawn Hickey 0-0: Ball
1-0: Swinging Strike
1-1: Ball
2-1: Foul Ball, location: 2F
2-2: Ball
3-2: Strikes out swinging
Batting: RHB Cody Mancini 0-0: Ground out 4-3 (Groundball, 4, EV 101.9 MPH)
Top of the 4th over - 0 runs, 0 hits, 0 errors, 0 left on base; Los Angeles 4 - Philadelphia 0
BOTTOM OF THE 4TH
Philadelphia Freedom batting - Pitching for Los Angeles Dinos : RHP Phil Russell
Batting: LHB Sage Emerson 0-0: Ground out 2-3 (Groundball, 2R, EV 62.5 MPH)
Batting: LHB Marlon Johnson 0-0: Ball
1-0: Called Strike
1-1: Called Strike
1-2: Strikes out looking
Batting: RHB Wellington Wingate 0-0: Fly out, F8 (Flyball, 89M, EV 88.8 MPH)
Bottom of the 4th over - 0 runs, 0 hits, 0 errors, 0 left on base; Los Angeles 4 - Philadelphia 0
TOP OF THE 5TH
Los Angeles Dinos batting - Pitching for Philadelphia Freedom : LHP Seth Faber
Batting: RHB Karson Gibson 0-0: Ball
1-0: Ball
2-0: Ball
3-0: Called Strike
3-1: Called Strike
3-2: Foul Ball, location: 2F
3-2: Base on Balls
Batting: RHB Rob Detling 0-0: SINGLE (Groundball, 6MD, EV 103.1 MPH)
Karson Gibson to second
Runner from 2nd tries for 3rd, SAFE, throw by CF made to third
Batting: LHB Tris Chikumbu 0-0: Ball
1-0: Ball
2-0: Called Strike
2-1: Foul Ball, location: 2F
2-2: Foul Ball, location: 2F
2-2: Ball
3-2: Strikes out swinging
Batting: RHB Andy Dillon 0-0: Swinging Strike
0-1: Foul Ball, location: 2F
0-2: Grounds into double play, 6-4-3 (Groundball, 6, EV 89.4 MPH)
Top of the 5th over - 0 runs, 1 hit, 0 errors, 1 left on base; Los Angeles 4 - Philadelphia 0
BOTTOM OF THE 5TH
Philadelphia Freedom batting - Pitching for Los Angeles Dinos : RHP Phil Russell
Batting: RHB Joseph Flynn 0-0: Called Strike
0-1: Ball
1-1: Fly out, F8 (Flyball, 8LD, EV 105.0 MPH)
Batting: SHB Wes Johnson 0-0: Swinging Strike
0-1: Ball
1-1: Ball
2-1: Ball
3-1: Base on Balls
Batting: RHB Phillip Cox 0-0: Called Strike
0-1: Ball
1-1: Foul Ball, location: 2F
1-2: Foul Ball, location: 2F
1-2: Ball
2-2: Foul Ball, location: 2F
2-2: Ball
3-2: Strikes out swinging
Batting: RHB Garret Connors 0-0: Ball
1-0: Foul Ball, location: 2F
1-1: Swinging Strike
1-2: Strikes out swinging
Bottom of the 5th over - 0 runs, 0 hits, 0 errors, 1 left on base; Los Angeles 4 - Philadelphia 0
TOP OF THE 6TH
Los Angeles Dinos batting - Pitching for Philadelphia Freedom : LHP Seth Faber
Batting: RHB Orrin Perkins 0-0: Ball
1-0: Called Strike
1-1: Foul Ball, location: 2F
1-2: Ball
2-2: Strikes out swinging
Batting: RHB Derick Murphy 0-0: Ball
1-0: Called Strike
1-1: Ball
2-1: Ball
3-1: Swinging Strike
3-2: Strikes out swinging
Batting: LHB Johnathan Baird 0-0: Called Strike
0-1: Ground out 4-3 (Groundball, 4, EV 84.4 MPH)
Top of the 6th over - 0 runs, 0 hits, 0 errors, 0 left on base; Los Angeles 4 - Philadelphia 0
BOTTOM OF THE 6TH
Philadelphia Freedom batting - Pitching for Los Angeles Dinos : RHP Phil Russell
Batting: RHB Isaiah Thomas 0-0: Ball
1-0: Reached on error, E6 (Groundball, 6, EV 88.8 MPH)
Batting: LHB Rob Morris 0-0: Called Strike
0-1: Called Strike
0-2: Ball
1-2: Fly out, F5 (Popup, 15, EV 82.5 MPH)
Batting: LHB Sage Emerson 0-0: Ball
1-0: Fly out, F8 (Flyball, 8RD, EV 95.6 MPH)
Batting: LHB Marlon Johnson 0-0: Ball
1-0: Foul Ball, location: 2F
1-1: Called Strike
1-2: Foul Ball, location: 2F
1-2: Strikes out swinging
Bottom of the 6th over - 0 runs, 0 hits, 1 error, 1 left on base; Los Angeles 4 - Philadelphia 0
TOP OF THE 7TH
Los Angeles Dinos batting - Pitching for Philadelphia Freedom : LHP Seth Faber
Pitching: RHP Levi Quinn
Batting: LHB Shawn Hickey 0-0: Ball
1-0: Ball
2-0: Ball
3-0: Called Strike
3-1: Fly out, F8 (Line Drive, 8LD, EV 92.5 MPH)
Batting: RHB Cody Mancini 0-0: Ball
1-0: Ball
2-0: DOUBLE (Flyball, 8LD, EV 106.9 MPH)
Batting: RHB Karson Gibson 0-0: Ball
1-0: DOUBLE (Line Drive, 9LD, EV 109.4 MPH)
Cody Mancini scores
Batting: RHB Rob Detling 0-0: Ball
1-0: Foul Ball, location: 2F
1-1: Ball
2-1: Swinging Strike
2-2: Fly out, F8 (Flyball, 8LD, EV 100.6 MPH)
Batting: LHB Tris Chikumbu 0-0: Ball
1-0: Swinging Strike
1-1: Foul Ball, location: 2F
1-2: DOUBLE (Flyball, 78XD, EV 106.9 MPH)
Karson Gibson scores
Batting: RHB Andy Dillon 0-0: Hit by Pitch
Batting: RHB Orrin Perkins 0-0: Reached on error, E3 (Groundball, 34S, EV 93.1 MPH)
Tris Chikumbu to third
Andy Dillon to second
Batting: RHB Derick Murphy 0-0: Swinging Strike
0-1: Ball
1-1: Fielders Choice at 2nd, 6-4 (Groundball, 6, EV 104.4 MPH)
Top of the 7th over - 2 runs, 3 hits, 1 error, 3 left on base; Los Angeles 6 - Philadelphia 0
BOTTOM OF THE 7TH
Philadelphia Freedom batting - Pitching for Los Angeles Dinos : RHP Phil Russell
Batting: RHB Wellington Wingate 0-0: Called Strike
0-1: Ball
1-1: Fly out, F9 (Flyball, 9LD, EV 81.9 MPH)
Batting: RHB Joseph Flynn 0-0: Called Strike
0-1: Ground out 6-3 (Groundball, 6, EV 100.6 MPH)
Batting: SHB Wes Johnson 0-0: Swinging Strike
0-1: Ball
1-1: Ground out 6-3 (Groundball, 6MS, EV 81.9 MPH)
Bottom of the 7th over - 0 runs, 0 hits, 0 errors, 0 left on base; Los Angeles 6 - Philadelphia 0
TOP OF THE 8TH
Los Angeles Dinos batting - Pitching for Philadelphia Freedom : RHP Levi Quinn
Batting: LHB Johnathan Baird 0-0: Called Strike
0-1: Ball
1-1: Ball
2-1: Ball
3-1: Base on Balls
Batting: LHB Shawn Hickey 0-0: Called Strike
0-1: Swinging Strike
0-2: Ball
1-2: Strikes out swinging
Batting: RHB Cody Mancini 0-0: Called Strike
0-1: Ball
1-1: Called Strike
1-2: Ball
2-2: Strikes out swinging
Batting: RHB Karson Gibson 0-0: Called Strike
0-1: Ball
Johnathan Baird is caught stealing 2nd base 2-4
Top of the 8th over - 0 runs, 0 hits, 0 errors, 0 left on base; Los Angeles 6 - Philadelphia 0
BOTTOM OF THE 8TH
Philadelphia Freedom batting - Pitching for Los Angeles Dinos : RHP Phil Russell
Batting: RHB Phillip Cox 0-0: Foul Ball, location: 2F
0-1: Fly out, F9 (Flyball, 9D, EV 96.2 MPH)
Batting: RHB Garret Connors 0-0: Ball
1-0: Fly out, F7 (Flyball, 7D, EV 93.1 MPH)
Batting: RHB Isaiah Thomas 0-0: Ball
1-0: Ball
2-0: Foul Ball, location: 2F
2-1: SINGLE (Line Drive, 8RS, EV 88.8 MPH)
Pitching: RHP Evan Browning
Batting: LHB Rob Morris 0-0: Ball
1-0: Ball
2-0: Called Strike
2-1: Called Strike
2-2: Foul Ball, location: 2F
2-2: Foul Ball, location: 2F
2-2: Strikes out swinging
Bottom of the 8th over - 0 runs, 1 hit, 0 errors, 1 left on base; Los Angeles 6 - Philadelphia 0
TOP OF THE 9TH
Los Angeles Dinos batting - Pitching for Philadelphia Freedom : RHP Levi Quinn
Batting: RHB Karson Gibson 0-0: SINGLE (Groundball, 5S, EV 70.6 MPH) (infield hit)
Pitching: LHP Clay O'Gara
Batting: RHB Rob Detling 0-0: Called Strike
0-1: Ball
1-1: Ball
Karson Gibson steals 2nd base (no throw)
2-1: Ball
3-1: Base on Balls
Batting: LHB Tris Chikumbu 0-0: Ground out 5-3 (Groundball, 56S, EV 76.2 MPH)
Karson Gibson to third
Rob Detling to second
Batting: RHB Andy Dillon 0-0: Ball
1-0: Foul Ball, location: 2F
1-1: Ball
2-1: Foul Ball, location: 2F
2-2: Ball
3-2: Foul Ball, location: 2F
3-2: Fly out, F6 (Popup, 4M, EV 53.1 MPH)
Batting: RHB Orrin Perkins 0-0: Ball
1-0: Ground out 2-3 (Groundball, 15S, EV 70.0 MPH)
Top of the 9th over - 0 runs, 1 hit, 0 errors, 2 left on base; Los Angeles 6 - Philadelphia 0
BOTTOM OF THE 9TH
Philadelphia Freedom batting - Pitching for Los Angeles Dinos : RHP Evan Browning
Batting: LHB Sage Emerson 0-0: Ball
1-0: Ball
2-0: Swinging Strike
2-1: Swinging Strike
2-2: Strikes out swinging
Batting: LHB Marlon Johnson 0-0: Ground out U3 (Groundball, 3, EV 88.1 MPH)
Batting: RHB Wellington Wingate 0-0: Foul Ball, location: 2F
0-1: Ball
1-1: Ball
2-1: Swinging Strike
2-2: Ground out 6-3 (Groundball, 6, EV 103.1 MPH)
Bottom of the 9th over - 0 runs, 0 hits, 0 errors, 0 left on base; Los Angeles 6 - Philadelphia 0
Monday, April 29th , 2024 - OOTP Baseball 23.10 Build 110